 Dungeon Sprint DCSS version 0.27.1-33-g824d729ab1 (webtiles) character file.

Game seed: 12254920465726680790

8495 Hipnos the Imperceptible (level 11, -6/52 HPs)
             Began as a Spriggan Enchanter on Nov 25, 2021.
             Was the Champion of Kikubaaqudgha.
             Mangled by a lorocyproca (26 damage)
             ... in the Dungeon (Sprint I: "Red Sonja").
             The game lasted 00:18:38 (2434 turns).

Hipnos the Imperceptible (Spriggan Enchanter)       Turns: 2434, Time: 00:18:39

Health: -6/52      AC:  5    Str:  4    XL:     11   Next: 10%
Magic:  0/28       EV: 22    Int: 18    God:    Kikubaaqudgha [******]
Gold:   2076       SH:  0    Dex: 18    Spells: 5/35 levels left

rFire    . . .     SeeInvis +   a - +3 dagger (pain)
rCold    . . .     Faith    .   (shield restricted)
rNeg     . . .     Spirit   +   d - +2 robe {Will+}
rPois    .         Reflect  .   (helmet restricted)
rElec    .         Harm     .   j - +0 cloak
rCorr    .         Rampage  .   (gloves unavailable)
Will     ++...     NoTele   +   (boots unavailable)
Stlth    +++++++++.             k - amulet of guardian spirit
HPRegen  0.17/turn              (no ring)
MPRegen  0.21/turn              (no ring)

@: very quick
A: very small, no large weapons, unfitting armour, see invisible, speed 3
a: Renounce Religion, Receive Corpses, Torment


You were in the Dungeon.
You worshipped Kikubaaqudgha.
Kikubaaqudgha was exalted by your worship.
You visited 1 branch You collected 2245 gold pieces.
You spent 169 gold pieces at shops.

Inventory:

Hand Weapons
 a - a +3 dagger of pain (weapon)
Armour
 b - a +0 robe
 d - a +2 robe of willpower (worn)
 j - a +0 cloak (worn)
Jewellery
 k - an amulet of guardian spirit (around neck)
Wands
 g - a wand of polymorph (11)
Scrolls
 l - a scroll of amnesia {unknown}
Potions
 c - 5 potions of curing
 e - a potion of haste


   Skills:
 + Level 3.0 Fighting
 + Level 6.4 Short Blades
 + Level 8.2 Dodging
 * Level 25.1 Stealth
 + Level 12.9 Spellcasting
 - Level 11.5 Hexes
 * Level 5.0 Necromancy
 * Level 8.0 Translocations
 - Level 6.0 Ice Magic


You had 5 spell levels left.
You knew the following spells:

 Your Spells              Type           Power      Damage    Failure   Level
a - Corona                Hex            57%        N/A       1%          1
b - Ensorcelled Hibernat  Hex/Ice        86%        N/A       1%          2
c - Confusing Touch       Hex            52%        N/A       1%          3
d - Dazzling Flash        Conj/Hex       64%        N/A       1%          3
e - Gell's Gravitas       Tloc           20%        N/A       1%          3
f - Borgnjor's Vile Clut  Necr/Erth      10%        N/A       50%         5
g - Animate Dead          Necr           14%        N/A       8%          4
h - Simulacrum            Ice/Necr       15%        N/A       67%         6
i - Vampiric Draining     Necr           14%        2d8       2%          3

Your spell library contained the following spells:

 Spells                   Type           Power      Damage    Failure   Level
 Animate Skeleton         Necr           58%        N/A       1%          1
 Apportation              Tloc           80%        N/A       1%          1
 Pain                     Necr           100%       1d9       1%          1
 Sublimation of Blood     Necr           14%        N/A       1%          2
 Lesser Beckoning         Tloc           20%        N/A       1%          3
 Teleport Other           Tloc           40%        N/A       1%          3
 Tukima's Dance           Hex            52%        N/A       1%          3
 Corpse Rot               Necr/Air       N/A        N/A       3%          2
 Summon Small Mammal      Summ           44%        N/A       6%          1
 Dispel Undead            Necr           29%        3d13      8%          4
 Death Channel            Necr           14%        N/A       75%         6


Dungeon Overview and Level Annotations

Branches:
Dungeon (1/1)

Altars:
Cheibriados
Dithmenos
Elyvilon
Fedhas
Gozag
Hepliaklqana
Kikubaaqudgha
Makhleb
Nemelex Xobeh
Okawaru
Qazlal
Ru
Sif Muna
Trog
Uskayaw
Vehumet
Wu Jian
Xom
Yredelemnul
Zin
The Shining One
Jiyva
Lugonu

Shops:
D *:[


Innate Abilities, Weirdness & Mutations

You are very small and have problems with some larger weapons.
You are too small for most types of armour.
You have supernaturally acute eyesight. (SInv)
You cover ground extremely quickly. (Speed+++)


Message History

Confirm with . or Enter, or press ? or * to list all spells.
You don't have enough magic to cast this spell.
You hit the lorocyproca but do no damage.
The lorocyproca is severely wounded.
There is an open door, spattered with blood here.
You see here a +0 troll leather armour.
You see here a +0 troll leather armour.
You hit the lorocyproca but do no damage.
The lorocyproca is heavily wounded.
The lorocyproca hits you.
You feel your power leaking away.
You closely miss the lorocyproca.
The lorocyproca is heavily wounded.
The lorocyproca hits you!!
* * * LOW HITPOINT WARNING * * *
You feel much better. Magic courses through your body.
The lorocyproca closely misses you.
Casting: Ensorcelled Hibernation (safe; 1% risk of failure)
Confirm with . or Enter, or press ? or * to list all spells.
Aiming: Gell's Gravitas (safe; 1% risk of failure)
Press: ? - help, Dir - move target Gravity reorients around empty space.
There is an open door here.
Casting: Gell's Gravitas (safe; 1% risk of failure)
Confirm with . or Enter, or press ? or * to list all spells.
Casting: Dazzling Flash (safe; 1% risk of failure)
Confirm with . or Enter, or press ? or * to list all spells.
The lorocyproca closely misses you.
Casting: Dazzling Flash (safe; 1% risk of failure)
Confirm with . or Enter, or press ? or * to list all spells.
The lorocyproca closely misses you.
Casting: Dazzling Flash (safe; 1% risk of failure)
Confirm with . or Enter, or press ? or * to list all spells.
The lorocyproca misses you.
Casting: Dazzling Flash (safe; 1% risk of failure)
Confirm with . or Enter, or press ? or * to list all spells.
The lorocyproca is dazzled.
The lorocyproca hits you!!!
Ouch! That really hurt!
You die...
Kikubaaqudgha rasps: "You have failed me!
Welcome... death!"

####'#####'#__####)..)§§#§#.###§§
###..#...#.####§§#####§.§§#'#.###
__####..##[#≈≈§.§#§§##+####^..#y#
_____##'#_§2≈§§§§'..#...○°#...###
_.∩...'..2§#≈≈§§§#..#^..°°°.....#
_..__##_.#'##§#####'###.○^#^....#
_____###)#.#..§.###.'$#.○○###++##
########.####'###.###$#^^###..##
......'...'.[..2@)∩# .#.^####..##
+++####.).########## ##'#.○#).#.
###.### #(#.°.°... #.#'#.#
####...°°°. #.....# #.)'....°.#
#...[.# #####...### ####### #####


You could see a lorocyproca (invisible, blind).

Vanquished Creatures
  A hydra (D)
  2 centaur warriors (D)
  Sonja (D)
  A deep troll (D)
  A lindwurm (D)
  An oklob plant (D)
  A gargoyle (D)
  2 kobold demonologists (D)
  4 demonic crawlers (D)
  A hornet (D)
  A slime creature (D)
  Sigmund (D)
  A yak (D)
  13 hogs (D)
  2 floating eyes (D)
  An ogre (D)
  A jelly (D)
  Ijyb (D)
36 creatures vanquished.

Vanquished Creatures (others)
  A gargoyle (D)
  2 ballistomycete spores (D)
3 creatures vanquished.

Grand Total: 39 creatures vanquished

Notes
Turn   | Place    | Note
-------+----------+-------------------------------------------
     0 | D        | Hipnos the Spriggan Enchanter began the quest for the Orb.
     0 | D        | Reached XP level 1. HP: 9/9 MP: 5/5
     1 | D        | Noticed Ijyb
    10 | D        | Killed Ijyb
    11 | D        | Reached skill level 7 in Stealth
    11 | D        | Reached skill level 5 in Hexes
    11 | D        | Reached XP level 2. HP: 13/13 MP: 4/7
    56 | D        | Learned a level 2 spell: Ensorcelled Hibernation
   101 | D        | Noticed an ogre
   104 | D        | Killed an ogre
   105 | D        | Reached skill level 10 in Stealth
   105 | D        | Reached XP level 3. HP: 16/16 MP: 8/10
   105 | D        | Reached XP level 4. HP: 21/21 MP: 8/11
   133 | D        | Noticed Sigmund
   150 | D        | Killed Sigmund
   151 | D        | Reached skill level 5 in Dodging
   151 | D        | Reached skill level 12 in Stealth
   151 | D        | Reached skill level 1 in Ice Magic
   151 | D        | Reached XP level 5. HP: 25/25 MP: 2/14
   245 | D        | Found an ornate altar of the Wu Jian Council.
   245 | D        | Found a shimmering blue altar of Sif Muna.
   247 | D        | Found a radiant altar of Vehumet.
   255 | D        | Reached skill level 1 in Fighting
   255 | D        | Reached XP level 6. HP: 30/30 MP: 6/16
   325 | D        | Found Utenn's Book Emporium.
   325 | D        | Found an ancient bone altar of Kikubaaqudgha.
   325 | D        | Found a hazy altar of Hepliaklqana.
   325 | D        | Found a stormy altar of Qazlal.
   325 | D        | Found a hide-covered altar of Uskayaw.
   325 | D        | Found a blossoming altar of Fedhas.
   325 | D        | Found a bloodstained altar of Trog.
   325 | D        | Found an iron altar of Okawaru.
   325 | D        | Found a basalt altar of Yredelemnul.
   325 | D        | Found a glowing golden altar of the Shining One.
   325 | D        | Found a snail-covered altar of Cheibriados.
   325 | D        | Found a sacrificial altar of Ru.
   325 | D        | Found a glowing silver altar of Zin.
   325 | D        | Found a shadowy altar of Dithmenos.
   325 | D        | Found a white marble altar of Elyvilon.
   325 | D        | Noticed a yak
   326 | D        | Found an opulent altar of Gozag.
   327 | D        | Killed a yak
   328 | D        | Reached skill level 13 in Stealth
   328 | D        | Found a sparkling altar of Nemelex Xobeh.
   334 | D        | Became a worshipper of Kikubaaqudgha
   355 | D        | Found a burning altar of Makhleb.
   355 | D        | Found a viscous altar of Jiyva.
   355 | D        | Found a shimmering altar of Xom.
   355 | D        | Found a corrupted altar of Lugonu.
   355 | D        | Noticed a slime creature
   358 | D        | Killed a slime creature
   359 | D        | Reached skill level 14 in Stealth
   359 | D        | Reached XP level 7. HP: 33/33 MP: 18/20
   383 | D        | Noticed a kobold demonologist
   384 | D        | Noticed a kobold demonologist
   387 | D        | Reached skill level 15 in Stealth
   388 | D        | Killed a kobold demonologist
   388 | D        | Reached * piety under Kikubaaqudgha
   388 | D        | Received a gift from Kikubaaqudgha
   389 | D        | Reached skill level 16 in Stealth
   389 | D        | Reached skill level 10 in Hexes
   389 | D        | Killed a kobold demonologist
   390 | D        | Reached XP level 8. HP: 39/39 MP: 20/22
   397 | D        | Learned a level 3 spell: Confusing Touch
   401 | D        | Learned a level 3 spell: Dazzling Flash
   419 | D        | Noticed Sonja
   423 | D        | Killed Sonja
   424 | D        | Reached skill level 5 in Short Blades
   424 | D        | Reached skill level 18 in Stealth
   424 | D        | Reached skill level 10 in Spellcasting
   424 | D        | Reached skill level 5 in Ice Magic
   500 | D        | Noticed a deep troll
   509 | D        | Killed a deep troll
   509 | D        | Reached ** piety under Kikubaaqudgha
   510 | D        | Reached skill level 19 in Stealth
   510 | D        | Reached XP level 9. HP: 43/43 MP: 21/24
   520 | D        | Found Jahau's Armour Emporium.
   526 | D        | Bought a +0 cloak for 54 gold pieces
   545 | D        | Found Nurey's Assorted Antiques.
   553 | D        | Bought a dented peridot amulet for 115 gold pieces
   588 | D        | Noticed a demonic crawler
   588 | D        | Noticed a demonic crawler
   588 | D        | Noticed a demonic crawler
   588 | D        | Noticed a demonic crawler
   590 | D        | Killed a demonic crawler
   591 | D        | Killed a demonic crawler
   592 | D        | Reached skill level 20 in Stealth
   593 | D        | Killed a demonic crawler
   593 | D        | Reached *** piety under Kikubaaqudgha
   593 | D        | Received a gift from Kikubaaqudgha
   594 | D        | Killed a demonic crawler
   595 | D        | Reached skill level 21 in Stealth
   599 | D        | Learned a level 3 spell: Gell's Gravitas
   617 | D        | Learned a level 5 spell: Borgnjor's Vile Clutch
   622 | D        | Learned a level 4 spell: Animate Dead
   629 | D        | Learned a level 6 spell: Simulacrum
   633 | D        | Learned a level 3 spell: Vampiric Draining
   642 | D        | Noticed a lindwurm
   649 | D        | Killed a lindwurm
   650 | D        | Reached skill level 1 in Necromancy
   714 | D        | Reached XP level 10. HP: 34/47 MP: 15/26
   715 | D        | Reached **** piety under Kikubaaqudgha
   718 | D        | Reached skill level 22 in Stealth
   725 | D        | Reached ***** piety under Kikubaaqudgha
   752 | D        | Reached skill level 23 in Stealth
   752 | D        | Reached skill level 5 in Translocations
   992 | D        | Noticed a 12-headed hydra
   994 | D        | Killed a 12-headed hydra
   998 | D        | Paralysed by a floating eye for 3 turns
  1030 | D        | Noticed a gargoyle
  1051 | D        | Killed a gargoyle
  1051 | D        | Reached ****** piety under Kikubaaqudgha
  1052 | D        | Reached skill level 24 in Stealth
  1054 | D        | Identified a +3 dagger of pain (a +1 dagger bloodied by
                  | Kikubaaqudgha)
  1054 | D        | Received a gift from Kikubaaqudgha
  1225 | D        | Noticed a lorocyproca
  1612 | D        | Killed a gargoyle
  2135 | D        | Noticed a centaur warrior
  2136 | D        | Noticed a centaur warrior
  2139 | D        | Killed a centaur warrior
  2302 | D        | Noticed an oklob plant
  2314 | D        | Killed an oklob plant
  2366 | D        | Killed a centaur warrior
  2367 | D        | Reached skill level 25 in Stealth
  2367 | D        | Reached XP level 11. HP: 34/52 MP: 4/28
  2369 | D        | Reached skill level 5 in Necromancy
  2422 | D        | HP: 2/52 [lorocyproca (22)]
  2434 | D        | Mangled by a lorocyproca

Illustrated notes

Levels and vault maps discovered:
D:        dungeon_sprint_1 [red_sonja_temple_1, red_sonja_temple_small_1]

Skill      XL: |  1  2  3  4  5  6  7  8  9 10 11 |
---------------+----------------------------------+-----
Dodging        | 3 4 5 6 7 8 |  8.2
Stealth        | 7 10 12 14 16 19 21 25 | 25.1
Spellcasting   | 3 4 6 8 9 10 11 12 | 12.9
Hexes          | 5 6 8 9 10 11 | 11.5
Short Blades   | 2 3 4 5 6 |  6.4
Ice Magic      | 1 2 3 4 5 6 |  6.0
Fighting       | 1 2 3 |  3.0
Necromancy     | 1 4 5 |  5.0
Translocations | 3 7 8 |  8.0

Action                   |  1- 3 |  4- 6 |  7- 9 | 10-12 || total
-------------------------+-------+-------+-------+-------++-------
Melee: Dagger            |     6 |     6 |    30 |    74 ||   116
 Cast: Corona            |     1 |       |       |     1 ||     2
       Ensorcelled Hiber |       |    14 |     7 |    19 ||    40
       Confusing Touch   |       |       |       |     3 ||     3
       Dazzling Flash    |       |       |       |     6 ||     6
       Gell's Gravitas   |       |       |       |     1 ||     1
Invok: Brand Weapon With |       |       |       |     1 ||     1
  Use: Potion            |     1 |     2 |       |     4 ||     7
       Scroll            |       |       |       |     1 ||     1
 Stab: Sleeping          |     1 |     4 |    11 |    17 ||    33
       Confused          |       |       |       |     2 ||     2
       Distracted        |       |       |       |     2 ||     2
Armor: Robe              |       |       |     6 |     2 ||     8
Dodge: Dodged            |     4 |     9 |    18 |    48 ||    79
